 Dungeon Sprint DCSS version 0.26-a0-958-gf3041fb45f (webtiles) character file.

Game seed: 7224009573931132796

101285 iamoutofideas the Archmage (level 15, -36/74 HPs)
             Began as a Deep Elf Fire Elementalist on Dec 1, 2020.
             Was the Champion of Vehumet.
             Killed from afar by a shadow dragon (59 damage)
             ... with a bolt of negative energy
             ... in the Dungeon (Sprint III: "The Ten Rune Challenge").
             The game lasted 00:35:18 (8281 turns).

iamoutofideas the Archmage (DEFE)                   Turns: 8281, Time: 00:35:19

Health: -36/74     AC:  9    Str: 10    XL:     15   Next: 3%
Magic:  37/48      EV: 24    Int: 27    God:    Vehumet [******]
Gold:   292        SH:  5    Dex: 15    Spells: 7/68 levels left

rFire    + + +     SeeInvis +   A - staff of fire
rCold    + . .     Faith    .   I - +0 buckler
rNeg     . . .     Spirit   .   G - +2 robe {rC+}
rPois    .         Reflect  .   K - +0 hat {SInv}
rElec    .         Harm     .   B - +1 cloak {MR+}
rCorr    .         Rampage  .   o - +1 pair of gloves {archery}
MR       +++..     NoTele   +   (no boots)
Stlth    +++.......             (no amulet)
HPRegen  0.22/turn              w - ring of protection from magic
MPRegen  0.31/turn              y - ring of Oquhet {rF+ Str+3 SInv Stlth+}

@: very slightly contaminated, drained
A: rugged brown scales 1, fire resistance 1, strong 1, MP-powered wands
}: 2/10 runes: decaying, serpentine
a: Renounce Religion


You were in the Dungeon.
You worshipped Vehumet.
Vehumet was exalted by your worship.
You visited 1 branch You collected 1754 gold pieces.
You spent 1462 gold pieces at shops.

Inventory:

Hand Weapons
 r - a +2 scimitar of flaming
Armour
 j - the +0 leather armour of Egalitarianism {Harm rElec rPois MR++}
   (You found it in the Dungeon)

   It insulates you from electricity.
   It protects you from poison.
   It affects your resistance to hostile enchantments.
   It increases damage dealt and taken.
 o - a +1 pair of gloves of archery (worn)
 u - a +2 ring mail of fire resistance
 B - a +1 cloak of magic resistance (worn)
 F - a +2 robe of poison resistance
 G - a +2 robe of cold resistance (worn)
 I - a +0 buckler (worn)
 K - a +0 hat of see invisible (worn)
Magical Staves
 A - an uncursed staff of fire (weapon)
Jewellery
 c - an uncursed ring of flight
 w - a ring of protection from magic (left hand)
 x - an uncursed ring of poison resistance
 y - the ring of Oquhet (right hand) {rF+ Str+3 SInv Stlth+}
   (You found it in the Dungeon)

   [ring of see invisible]

   It affects your strength (+3).
   It protects you from fire.
   It lets you see invisible.
   It makes you more stealthy.
Wands
 i - a wand of digging (7)
 m - a wand of disintegration (7)
 z - a wand of acid (13)
Scrolls
 k - 2 scrolls of immolation
 p - a scroll of amnesia
 t - a scroll of silence
 H - 3 scrolls of fog
 M - 2 scrolls of blinking
 N - a scroll of fear
Potions
 a - a potion of attraction {unknown}
 b - 2 potions of lignification
 d - a potion of might
 e - 4 potions of haste
 f - 2 potions of magic
 g - 2 potions of berserk rage
 h - a potion of degeneration {unknown}
 n - 2 potions of mutation
 v - a potion of resistance
 L - 2 potions of curing
Miscellaneous
 q - a phantom mirror
 s - a condenser vane
 C - a condenser vane
 D - a tin of tremorstones (2/2)
 E - a lightning rod (4/4)
 J - a lightning rod (4/4)


   Skills:
 - Level 0.2(0.0) Fighting
 - Level 18.2(17.0) Dodging
 - Level 4.1(3.2) Stealth
 - Level 4.0(3.1) Shields
 O Level 27(25.5) Spellcasting
 + Level 22.9(21.6) Conjurations
 + Level 24.1(22.7) Fire Magic
 * Level 9.7(8.7) Ice Magic


You had 7 spell levels left.
You knew the following spells:

 Your Spells              Type           Power        Failure   Level
a - Foxfire               Conj/Fire      ####         0%          1
b - Conjure Flame         Conj/Fire      ########     0%          3
c - Fireball              Conj/Fire      ########..   0%          5
d - Sticky Flame          Conj/Fire      ########     0%          4
e - Freezing Cloud        Conj/Ice/Air   ######....   1%          6
f - Ignition              Fire           ########..   1%          8
g - Lee's Rapid Deconstr  Erth           ####......   7%          5
h - Iron Shot             Conj/Erth      #######...   1%          6
i - Fire Storm            Conj/Fire      ########..   3%          9
j - Ozocubu's Refrigerat  Ice            ######....   1%          6
k - Lehudib's Crystal Sp  Conj/Erth      #######...   19%         8

Your spell library contained the following spells:

 Spells                   Type           Power        Failure   Level
 Shatter                  Erth           ####......   100%        9
 Tornado                  Air            ####......   100%        9
 Animate Skeleton         Necr           ####..       1%          1
 Apportation              Tloc           ####..       1%          1
 Corona                   Hex            ####...      1%          1
 Pain                     Necr           ####         1%          1
 Summon Small Mammal      Summ           ####         1%          1
 Corpse Rot               Necr/Air       N/A          1%          2
 Slow                     Hex            ####....     1%          2
 Sublimation of Blood     Necr           ####......   1%          2
 Dazzling Flash           Conj/Hex       ######       1%          3
 Ignite Poison            Fire/Tmut/Pois #######.     1%          3
 Inner Flame              Hex/Fire       #######.     1%          3
 Stone Arrow              Conj/Erth      ######       1%          3
 Irradiate                Conj/Tmut      #######...   1%          5
 Spellforged Servitor     Conj/Summ      #######...   2%          7
 Call Canine Familiar     Summ           ####....     3%          3
 Confusing Touch          Hex            ####....     3%          3
 Portal Projectile        Hex/Tloc       ####..       3%          3
 Summon Guardian Golem    Hex/Summ       ####....     3%          3
 Tukima's Dance           Hex            ####....     3%          3
 Vampiric Draining        Necr           ####......   3%          3
 Animate Dead             Necr           ####......   10%         4
 Cause Fear               Hex            ####......   10%         4
 Dispel Undead            Necr           ####....     10%         4
 Leda's Liquefaction      Hex/Erth       ####......   10%         4
 Petrify                  Tmut/Erth      ####....     10%         4
 Agony                    Necr           ####....     26%         5
 Alistair's Intoxication  Tmut/Pois      ####.....    26%         5
 Excruciating Wounds      Necr           ####......   26%         5
 Eringya's Noxious Bog    Tmut/Pois      ####......   83%         6
 Invisibility             Hex            ####....     83%         6
 Malign Gateway           Summ/Tloc      ####......   100%        7
 Monstrous Menagerie      Summ           ####......   100%        7
 Summon Greater Demon     Summ           ####......   100%        7
 Chain Lightning          Conj/Air       #######...   19%         8
 Absolute Zero            Ice            ######....   99%         9
 Discord                  Hex            ####......   100%        8
 Summon Horrible Things   Summ           ####......   100%        8


Dungeon Overview and Level Annotations

Branches:
Dungeon (1/1)

Altars:
Cheibriados
Dithmenos
Elyvilon
Fedhas
Gozag
Hepliaklqana
Kikubaaqudgha
Makhleb
Nemelex Xobeh
Okawaru
Qazlal
Ru
Sif Muna
Trog
Uskayaw
Vehumet
Wu Jian
Xom
Yredelemnul
Zin
The Shining One
Beogh
Jiyva
Lugonu

Shops:
D ?(:}(?}([[?*=[}!:}

Annotations:
D exclusion: door


Innate Abilities, Weirdness & Mutations

You are partially covered in rugged brown scales. (AC +1, +3% HP)
Your flesh is heat resistant. (rF+)
Your muscles are strong. (Str +2)
You expend magic power (3 MP) to strengthen your wands.


Message History

Press: ? - help, Dir - move target, f - shadow dragon
Aim: a shadow dragon (grey smoke)
Okay, then.
You feel better.
Casting: Fire Storm (quite dangerous; 1% risk of failure)
Confirm with . or Enter, or press ? or * to list all spells.
Okay, then.
Casting: Fire Storm (quite dangerous; 1% risk of failure)
Confirm with . or Enter, or press ? or * to list all spells.
The spell is quite dangerous to cast (12% risk of failure)!
Continue anyway?
Aiming: Lehudib's Crystal Spear (quite dangerous; 12% risk of failure)
Press: ? - help, Shift-Dir - straight line, f - shadow dragon
Aim: a shadow dragon (grey smoke, 19% to evade)
You miscast Lehudib's Crystal Spear.
You are very lightly contaminated with residual magic.
You feel a strange surge of energy!
The shadow dragon breathes negative energy at you.
The bolt of negative energy hits you!!!
You feel drained.
Ouch! That really hurt!
You die...

.≈≈≈[)[.....#.# .##≈≈≈≈##..##.#
.##....'......# ###############
############# #.#.#.†...≈≈#
.#.#.##†.†≈≈#######
#.#.#.#†..†≈≈≈##§D§
.#.#.##†.†≈≈≈≈##@#######
#.#.#.#..†..††##.......#
.#.#.##....†.†########.#
#.#.#.#...†.†.##.......#
(#.#.###########'################
)######## #.....#.#..[.}..≈.
(.'(§≈≈≈# ##.#....#§≈≈§§§§§§
..#.≈≈≈§# #.#...#.#§§.§§§§..
..#.#§≈≈# ##.#.#.##§§.§§§.§§


You could see a shadow dragon (catching breath).

Vanquished Creatures
  Frederick (D)
  Rupert (D)
  A lich (D)
  A deep elf blademaster (D)
  A quicksilver dragon (shapeshifter) (D)
  Harold (D)
  Gastronok (D)
  Chuck (D)
  A nagaraja (D)
  4 azure jellies (D)
  2 dire elephants (D)
  A deep elf demonologist (D)
  A deep elf death mage (D)
  A mummy priest (D)
  A fire dragon (D)
  4 yaktaur captains (D)
  A deep elf high priest (D)
  2 hydras (D)
  A naga warrior (D)
  3 anacondas (D)
  3 ice dragons (D)
  3 centaur warriors (D)
  Erica (D)
  4 dancing weapons (D)
  3 death yaks (D)
  Urug (D)
  A shadow wraith (D)
  A skeletal warrior (D)
  A spriggan druid (D)
  A goliath frog (shapeshifter) (D)
  An anaconda zombie (D)
  A death drake (D)
  An unseen horror (D)
  An obsidian statue (D)
  A lindwurm (D)
  Joseph (D)
  9 deep elf magi (D)
  3 ugly things (D)
  An orc sorcerer (D)
  4 crystal guardians (D)
  A stone giant skeleton (D)
  9 black mambas (D)
  An elephant (D)
  A molten gargoyle (D)
  A guardian serpent (D)
  2 cane toads (D)
  A rime drake (D)
  A komodo dragon (D)
  3 wandering mushrooms (D)
  A polar bear (shapeshifter) (D)
  A queen bee (D)
  4 spriggan defenders (D)
  3 hornets (D)
  2 tyrant leeches (D)
  3 statues (D)
  3 orc high priests (D)
  3 slime creatures (D)
  8 blink frogs (D)
  3 redbacks (D)
  2 spriggans (D)
  A shadow (D)
  A spatial vortex (D)
  2 nagas (D)
  A hydra simulacrum (D)
  4 water moccasins (D)
  An orc warrior (D)
  A swamp drake (D)
  A black mamba simulacrum (D)
  An ogre (shapeshifter) (D)
  A fire dragon simulacrum (D)
  A necrophage (D)
  2 centaurs (D)
  A water elemental (D)
  32 killer bees (D)
  An electric eel (D)
  A jelly (D)
  4 orc priests (D)
  A wizard (D)
  Jessica (D)
  4 orc wizards (D)
  A necromancer (D)
  2 wolf simulacra (D)
  3 humans (D)
  A kobold demonologist (D)
  4 adders (D)
  An ooze (D)
  2 swamp drake simulacra (D)
  A phantom (D)
  2 ball lightnings (D)
  8 orcs (D)
  A hobgoblin (D)
  2 rats (D)
  A ballistomycete spore (D)
  2 bushes (D)
  3 fire vortices (D)
221 creatures vanquished.

Vanquished Creatures (collateral kills)
  A vampire knight (D)
  A death yak (D)
  A statue (D)
  An elephant (D)
  A black mamba (D)
  An anaconda simulacrum (D)
  A slime creature (D)
7 creatures vanquished.

Vanquished Creatures (others)
  Nessos (D)
  A hydra (D)
  3 yaktaurs (D)
  4 ball lightnings (D)
  A ballistomycete spore (D)
  6 bushes (D)
  41 fire vortices (D)
  94 foxfires (D)
  57 plants (D)
208 creatures vanquished.

Grand Total: 436 creatures vanquished

Notes
Turn   | Place    | Note
-------+----------+-------------------------------------------
     0 | D        | iamoutofideas the Deep Elf Fire Elementalist began the
                  | quest for the Orb.
     0 | D        | Reached XP level 1. HP: 10/10 MP: 6/6
    78 | D        | Noticed Jessica
    84 | D        | Killed Jessica
    85 | D        | Reached skill level 4 in Spellcasting
    85 | D        | Reached skill level 5 in Fire Magic
    85 | D        | Reached XP level 2. HP: 14/15 MP: 2/9
    85 | D        | Reached XP level 3. HP: 18/19 MP: 2/11
   144 | D        | Killed a six-headed hydra
   165 | D        | Learned a level 3 spell: Conjure Flame
   179 | D        | Reached skill level 5 in Spellcasting
   285 | D        | Gained mutation: You are somewhat resistant to further
                  | mutation. [potion of mutation]
   285 | D        | Gained mutation: You are dopey. (Int -2) [potion of
                  | mutation]
   285 | D        | Lost mutation: You are dopey. (Int -2) [potion of mutation]
   292 | D        | Lost mutation: You are somewhat resistant to further
                  | mutation. [potion of mutation]
   292 | D        | Gained mutation: Scrolls take you a little longer to read.
                  | [potion of mutation]
   292 | D        | Gained mutation: You are partially covered in slimy green
                  | scales. (AC +2) [potion of mutation]
   293 | D        | Lost mutation: Scrolls take you a little longer to read.
                  | [potion of mutation]
   293 | D        | Lost mutation: You are partially covered in slimy green
                  | scales. (AC +2) [potion of mutation]
   293 | D        | Gained mutation: You are partially covered in rugged brown
                  | scales. (AC +1, +3% HP) [potion of mutation]
   293 | D        | Gained mutation: Your flesh is heat resistant. (rF+)
                  | [potion of mutation]
   293 | D        | Gained mutation: You expend magic power (3 MP) to
                  | strengthen your wands. [potion of mutation]
   293 | D        | Gained mutation: Your muscles are strong. (Str +2) [potion
                  | of mutation]
   312 | D        | Noticed a water elemental
   324 | D        | Killed a water elemental
   325 | D        | Reached skill level 6 in Spellcasting
   325 | D        | Reached XP level 4. HP: 13/24 MP: 4/14
   460 | D        | Found a basalt altar of Yredelemnul.
   460 | D        | Found a shadowy altar of Dithmenos.
   460 | D        | Found a sacrificial altar of Ru.
   460 | D        | Noticed a necrophage
   464 | D        | Reached skill level 7 in Spellcasting
   468 | D        | Killed a necrophage
   469 | D        | Reached skill level 8 in Spellcasting
   469 | D        | Reached XP level 5. HP: 15/28 MP: 9/18
   615 | D        | Learned a level 5 spell: Fireball
   620 | D        | Learned a level 4 spell: Sticky Flame
   624 | D        | Found a radiant altar of Vehumet.
   624 | D        | Found a shimmering blue altar of Sif Muna.
   624 | D        | Found an ancient bone altar of Kikubaaqudgha.
   626 | D        | Reached skill level 9 in Spellcasting
   626 | D        | Reached skill level 5 in Conjurations
   635 | D        | Became a worshipper of Vehumet
   664 | D        | Found a glowing silver altar of Zin.
   664 | D        | Found a glowing golden altar of the Shining One.
   664 | D        | Found a white marble altar of Elyvilon.
   666 | D        | Noticed a deep elf mage
   667 | D        | Killed a deep elf mage
   668 | D        | Reached skill level 12 in Spellcasting
   668 | D        | Reached XP level 6. HP: 32/32 MP: 3/23
   668 | D        | Reached XP level 7. HP: 37/37 MP: 3/24
   821 | D        | Found a hide-covered altar of Uskayaw.
   821 | D        | Found a roughly hewn altar of Beogh.
   821 | D        | Found an iron altar of Okawaru.
   821 | D        | Found a bloodstained altar of Trog.
   821 | D        | Found an ornate altar of the Wu Jian Council.
   821 | D        | Noticed a human
   824 | D        | Killed a human
   825 | D        | Killed a human
   825 | D        | Reached * piety under Vehumet
   825 | D        | Offered knowledge of Freeze by Vehumet.
   937 | D        | Noticed a shadow
   938 | D        | Killed a shadow
   939 | D        | Reached skill level 13 in Spellcasting
   939 | D        | Reached XP level 8. HP: 42/42 MP: 10/27
  1024 | D        | Found a blossoming altar of Fedhas.
  1024 | D        | Found a stormy altar of Qazlal.
  1024 | D        | Found a snail-covered altar of Cheibriados.
  1024 | D        | Found a burning altar of Makhleb.
  1024 | D        | Found a shimmering altar of Xom.
  1025 | D        | Found a hazy altar of Hepliaklqana.
  1025 | D        | Found an opulent altar of Gozag.
  1025 | D        | Found a sparkling altar of Nemelex Xobeh.
  1025 | D        | Found a corrupted altar of Lugonu.
  1025 | D        | Found a viscous altar of Jiyva.
  1050 | D        | Offered knowledge of Searing Ray by Vehumet.
  1050 | D        | Reached ** piety under Vehumet
  1164 | D        | Noticed Erica
  1168 | D        | Killed Erica
  1169 | D        | Reached skill level 14 in Spellcasting
  1169 | D        | Reached skill level 10 in Conjurations
  1444 | D        | Noticed a centaur warrior
  1447 | D        | Reached XP level 9. HP: 19/46 MP: 18/29
  1448 | D        | Reached skill level 15 in Spellcasting
  1448 | D        | Killed a centaur warrior
  1448 | D        | Offered knowledge of Dazzling Flash by Vehumet.
  1449 | D        | Reached skill level 16 in Spellcasting
  1628 | D        | Learned a level 3 spell: Dazzling Flash
  1657 | D        | Killed an unseen horror
  1657 | D        | Reached *** piety under Vehumet
  1783 | D        | Noticed a wandering mushroom
  1790 | D        | Killed a wandering mushroom
  1919 | D        | Noticed a wandering mushroom
  1924 | D        | Killed a wandering mushroom
  1924 | D        | Offered knowledge of Stone Arrow by Vehumet.
  1929 | D        | Noticed a wandering mushroom
  1929 | D        | Learned a level 3 spell: Stone Arrow
  1931 | D        | Killed a wandering mushroom
  1932 | D        | Reached skill level 15 in Fire Magic
  1993 | D        | Noticed Harold
  1993 | D        | Noticed Joseph
  2000 | D        | Killed Joseph
  2000 | D        | Reached **** piety under Vehumet
  2000 | D        | Offered knowledge of Fulminant Prism by Vehumet.
  2001 | D        | Reached skill level 17 in Spellcasting
  2001 | D        | Reached XP level 10. HP: 51/51 MP: 6/33
  2001 | D        | Killed Harold
  2002 | D        | Reached skill level 18 in Spellcasting
  2115 | D        | Noticed an orc sorcerer
  2116 | D        | Killed an orc sorcerer
  2116 | D        | Reached ***** piety under Vehumet
  2120 | D        | Reached ****** piety under Vehumet
  2133 | D        | Found Xyeck's Gadget Boutique.
  2162 | D        | Bought a condenser vane for 400 gold pieces
  2201 | D        | Noticed a deep elf mage
  2201 | D        | Noticed a deep elf mage
  2201 | D        | Noticed a deep elf mage
  2201 | D        | Noticed a deep elf mage
  2201 | D        | Noticed a deep elf mage
  2209 | D        | Killed a deep elf mage
  2209 | D        | Offered knowledge of Lee's Rapid Deconstruction by Vehumet.
  2210 | D        | Killed a deep elf mage
  2210 | D        | Killed a deep elf mage
  2211 | D        | Reached skill level 19 in Spellcasting
  2211 | D        | Killed a deep elf mage
  2211 | D        | Killed a deep elf mage
  2212 | D        | Reached XP level 11. HP: 55/55 MP: 23/36
  2219 | D        | Learned a level 5 spell: Lee's Rapid Deconstruction
  2297 | D        | Noticed a deep elf high priest
  2297 | D        | Noticed a deep elf blademaster
  2299 | D        | Noticed a deep elf mage
  2301 | D        | Killed a deep elf mage
  2302 | D        | Reached skill level 15 in Conjurations
  2302 | D        | Noticed a deep elf demonologist
  2303 | D        | Killed a deep elf high priest
  2303 | D        | Noticed a deep elf death mage
  2308 | D        | Noticed a deep elf mage
  2310 | D        | Killed a deep elf death mage
  2310 | D        | Offered knowledge of Iron Shot by Vehumet.
  2311 | D        | Reached skill level 20 in Spellcasting
  2323 | D        | Learned a level 6 spell: Iron Shot
  2437 | D        | Killed a deep elf mage
  2438 | D        | Noticed a deep elf mage
  2440 | D        | Killed a deep elf mage
  2445 | D        | Killed a deep elf demonologist
  2793 | D        | Killed a deep elf blademaster
  2794 | D        | Reached skill level 21 in Spellcasting
  2813 | D        | Got a scorched lead ring
  2814 | D        | Identified Acumny's Compendium of Hexes
  2814 | D        | Identified the Papyrus of Supportive Conjuration
  2839 | D        | Learned a level 9 spell: Fire Storm
  2921 | D        | Identified the ring of Oquhet {rF+ Str+3 SInv Stlth+} (You
                  | found it in the Dungeon)
  2953 | D        | Learned a level 9 spell: Absolute Zero
  2978 | D        | Offered knowledge of Yara's Violent Unravelling by Vehumet.
  2979 | D        | Reached XP level 12. HP: 56/60 MP: 16/39
  3397 | D        | Noticed Urug
  3414 | D        | Killed Urug
  3415 | D        | Reached skill level 22 in Spellcasting
  3498 | D        | Noticed a six-headed hydra
  3498 | D        | Noticed a seven-headed hydra
  3501 | D        | Killed a six-headed hydra
  3502 | D        | Killed a seven-headed hydra
  3502 | D        | Offered knowledge of Orb of Destruction by Vehumet.
  3770 | D        | Learned a level 8 spell: Lehudib's Crystal Spear
  3781 | D        | Found a blossoming altar of Fedhas.
  4119 | D        | Offered knowledge of Starburst by Vehumet.
  4186 | D        | Got a brightly glowing leather armour
  4202 | D        | Identified the cursed +0 leather armour of Egalitarianism
                  | {Harm rElec rPois MR++} (You found it in the Dungeon)
  4249 | D        | Reached skill level 23 in Spellcasting
  4314 | D        | Noticed Rupert
  4320 | D        | Killed Rupert
  4320 | D        | Offered knowledge of Freezing Cloud by Vehumet.
  4329 | D        | Learned a level 6 spell: Freezing Cloud
  4422 | D        | Noticed an azure jelly
  4422 | D        | Noticed an azure jelly
  4422 | D        | Noticed an azure jelly
  4422 | D        | Noticed an azure jelly
  4424 | D        | Noticed a dire elephant
  4424 | D        | Noticed a dire elephant
  4424 | D        | Noticed Gastronok
  4428 | D        | Killed a dire elephant
  4428 | D        | Killed Gastronok
  4429 | D        | Reached skill level 24 in Spellcasting
  4429 | D        | Killed a dire elephant
  4430 | D        | Reached XP level 13. HP: 64/64 MP: 26/43
  4497 | D        | Offered knowledge of Ozocubu's Refrigeration by Vehumet.
  4507 | D        | Learned a level 6 spell: Ozocubu's Refrigeration
  4526 | D        | Offered knowledge of Shatter by Vehumet.
  4526 | D        | Offered knowledge of Tornado by Vehumet.
  4526 | D        | Offered knowledge of Ignition by Vehumet.
  4527 | D        | Reached skill level 25 in Spellcasting
  4547 | D        | Learned a level 8 spell: Ignition
  4869 | D        | Noticed a nagaraja
  4870 | D        | Killed a nagaraja
  4871 | D        | Reached skill level 26 in Spellcasting
  4879 | D        | Found Nated's Magic Scroll Boutique.
  4879 | D        | Found Pueme's Antique Weapon Emporium.
  4970 | D        | Found Egowemp's Book Shop.
  4974 | D        | Bought a scroll of blinking for 82 gold pieces
  4974 | D        | Bought a scroll of fear for 38 gold pieces
  4988 | D        | Got a serpentine rune of Zot
  5061 | D        | Killed an azure jelly
  5061 | D        | Killed an azure jelly
  5061 | D        | Killed an azure jelly
  5061 | D        | Killed an azure jelly
  5062 | D        | Reached skill level 27 in Spellcasting
  5465 | D        | Reached skill level 1 in Shields
  5661 | D        | Found Xaddopiu's Antique Weapon Emporium.
  5661 | D        | Found Ekuragea's Magic Scroll Shop.
  5672 | D        | Got a decaying rune of Zot
  5683 | D        | Found Imejeff's Gadget Shoppe.
  5772 | D        | Bought a scroll of remove curse for 33 gold pieces
  5772 | D        | Bought a scroll of immolation for 38 gold pieces
  5985 | D        | Reached XP level 14. HP: 69/70 MP: 47/47
  5987 | D        | Reached skill level 1 in Ice Magic
  6015 | D        | Reached skill level 10 in Dodging
  6347 | D        | Reached skill level 15 in Dodging
  6598 | D        | Noticed a vampire knight
  6600 | D        | Killed a vampire knight
  6934 | D        | Found Cot Ufok's General Store.
  6934 | D        | Found Eraily Fole's Antique Armour Shop.
  6934 | D        | Found Cuwaerch's Antique Armour Boutique.
  6934 | D        | Found Long's Gadget Shoppe.
  6934 | D        | Found Qidi's Magic Scroll Boutique.
  6934 | D        | Found Zuope's Jewellery Emporium.
  6934 | D        | Found Pieghon's Armour Shoppe.
  6934 | D        | Found Gitsin's Book Shop.
  6934 | D        | Found Xetsuu's Distillery.
  6934 | D        | Found Aliuz's Antique Weapon Emporium.
  6934 | D        | Found Qubybyda's Gadget Boutique.
  6954 | D        | Bought a scroll of blinking for 82 gold pieces
  6957 | D        | Bought a potion of heal wounds for 65 gold pieces
  6957 | D        | Bought a potion of resistance for 130 gold pieces
  6957 | D        | Bought a potion of curing for 39 gold pieces
  6957 | D        | Bought a potion of haste for 130 gold pieces
  6957 | D        | Bought a potion of curing for 39 gold pieces
  6971 | D        | Bought a pair of glowing gloves for 127 gold pieces
  7004 | D        | Bought 2 potions of lignification for 84 gold pieces
  7316 | D        | Reached skill level 5 in Ice Magic
  7482 | D        | Killed Nessos
  7561 | D        | Noticed a shadow dragon
  7570 | D        | Noticed a fenstrider witch
  7571 | D        | a fenstrider witch changed into an alligator snapping
                  | turtle
  7579 | D        | Noticed a quicksilver dragon
  7579 | D        | an alligator snapping turtle changed into a quicksilver
                  | dragon
  7583 | D        | Killed a quicksilver dragon
  7680 | D        | Noticed Chuck
  7686 | D        | Killed Chuck
  7803 | D        | Noticed Frederick
  7815 | D        | Killed Frederick
  8154 | D        | Bought an uncursed ring of flight for 175 gold pieces
  8277 | D        | Noticed a lich
  8277 | D        | Killed a lich
  8278 | D        | Reached XP level 15. HP: 32/74 MP: 43/48
  8278 | D        | Noticed a shadow dragon
  8281 | D        | Killed from afar by a shadow dragon

Illustrated notes

Levels and vault maps discovered:
D:        dungeon_sprint_mu [sprint_mu_entry_forest, sprint_mu_temple_rooms,
          sprint_mu_d1_horrors, sprint_mu_d2_genie, sprint_mu_d3_branching,
          sprint_mu_orc_legion, sprint_mu_elf_gauntlet, sprint_mu_hive_nellie,
          sprint_mu_lair_fedhas, sprint_mu_vaults_butterflies,
          sprint_mu_slime_circle, sprint_mu_swamp_cave, sprint_mu_snake_twists,
          sprint_mu_blade_basic, sprint_mu_crypt_chambers,
          sprint_mu_tomb_spiral, sprint_mu_vestibule_basic,
          sprint_mu_gehenna_hellfire, sprint_mu_dis_giant,
          sprint_mu_tartarus_statrot, sprint_mu_cocytus_islands, sprint_mu_zot1]

Skill      XL: |  1  2  3  4  5  6  7  8  9 10 11 12 13 14 |
---------------+-------------------------------------------+-----
Fire Magic     | 5 7 9 11 12 13 15 17 18 20 22 24 | 24.1
Dodging        | 3 4 18 | 18.2
Stealth        | 3 4 |  4.1
Spellcasting   | 4 6 8 12 13 14 17 19 21 24 27 | 27.0
Conjurations   | 3 4 7 9 10 13 14 16 19 21 22 | 22.9
Shields        | 4 |  4.0
Ice Magic      | 9 |  9.7
Fighting       | |  0.2

Action                   |  1- 3 |  4- 6 |  7- 9 | 10-12 | 13-15 || total
-------------------------+-------+-------+-------+-------+-------++-------
Melee: Scimitar          |       |       |     2 |       |       ||     2
       Staff             |       |       |       |     1 |     7 ||     8
 Cast: Foxfire           |    30 |     6 |    25 |       |     3 ||    64
       Fireball          |       |     4 |    29 |    51 |     7 ||    91
       Conjure Flame     |       |       |     2 |       |       ||     2
       Iron Shot         |       |       |       |    27 |    22 ||    49
       Fire Storm        |       |       |       |     2 |    40 ||    42
       Freezing Cloud    |       |       |       |     1 |     3 ||     4
       Ignition          |       |       |       |       |    16 ||    16
       Stone Arrow       |       |       |       |       |     3 ||     3
       Lehudib's Crystal |       |       |       |       |     9 ||     9
       Ozocubu's Refrige |       |       |       |       |     4 ||     4
       Lee's Rapid Decon |       |       |       |       |     2 ||     2
 Abil: Evoke Flight      |       |       |       |       |     1 ||     1
  Use: Potion            |     3 |       |     1 |     3 |     6 ||    13
       Scroll            |       |       |       |    10 |     4 ||    14
 Stab: Sleeping          |       |       |     1 |       |       ||     1
Armor: Robe              |     2 |       |       |       |       ||     2
       Leather armour    |       |       |       |     1 |     3 ||     4
Dodge: Dodged            |     6 |     1 |     8 |     9 |    23 ||    47
Block: Buckler           |       |       |       |       |     3 ||     3
       Rpst.: Scimitar   |       |       |     1 |       |       ||     1

Table legend: (Time is in decaauts)
 A = Elapsed time spent in this place.
 B = Non-inter-level travel time spent in this place.
 C = Inter-level travel time spent in this place.
 D = Time resting spent in this place.
 E = Time spent auto-exploring this place.
 F = Levels seen in this place.
 G = Mean time per level.
                   A        B        C        D        E       F      G
               +--------+--------+--------+--------+--------+-----+--------+
         Total |   8375 |   7945 |    430 |   5861 |    143 |   1 | 8375.0 |
       Dungeon |   8375 |   7945 |    430 |   5861 |    143 |   1 | 8375.0 |
               +--------+--------+--------+--------+--------+-----+--------+

Top non-repeatable levels by time:
       D: 8375 daAuts
